 Dungeon Crawl Stone Soup version 0.30-a0-778-g2ef04afb54 (webtiles) character file.

Game seed: 14706426840245023281

103 hikkokomori the Digger (level 4, -3/26 HPs)
             Began as a Gargoyle Earth Elementalist on Feb 17, 2023.
             Slain by a gnoll
             ... wielding a +0 club
              (5 damage)
             ... on level 3 of the Dungeon.
             The game lasted 00:06:02 (1605 turns).

hikkokomori the Digger (GrEE)                       Turns: 1605, Time: 00:06:03

Health: -3/26      AC:  5    Str: 12    XL:     4   Next: 79%
Magic:  6/7        EV: 11    Int: 17    God:
Gold:   127        SH:  0    Dex: 10    Spells: 0/7 levels left

rFire   + . .      SeeInvis .    c - +0 dagger
rCold   . . .      Faith    .    (no shield)
rNeg    + . .      Spirit   .    a - +0 robe
rPois   ∞          Reflect  .    (no helmet)
rElec   +          Harm     .    (no cloak)
rCorr   .          Rampage  .    (no gloves)
Will    +....                    (no boots)
Stlth   ++                       (no amulet)
HPRegen 0.24/turn                n - ring of protection from fire
MPRegen 0.10/turn                o - ring of willpower

@: no status effects
A: sickness immunity, AC +3, negative energy resistance 1, electricity
resistance, torment resistance 1, petrification resistance
a: no special abilities


You were on level 3 of the Dungeon.
You visited 1 branch of the dungeon, and saw 3 of its levels.

You collected 127 gold pieces.

Inventory:

Hand Weapons
 c - a +0 dagger (weapon)
Armour
 a - a +0 robe (worn)
Jewellery
 n - a ring of protection from fire (left hand)
 o - a ring of willpower (right hand)
Scrolls
 h - a scroll of identify {unknown}
 i - a scroll of amnesia {unknown}
 k - a scroll of teleportation {unknown}
 l - 2 scrolls of noise {unknown}
 m - a scroll of torment {unknown}
Potions
 d - 2 potions of mutation {unknown}
 e - 3 potions of haste {unknown}
 f - a potion of attraction {unknown}
 g - a potion of curing {unknown}


   Skills:
 + Level 2.2 Fighting
 - Level 1.5 Dodging
 + Level 3.4 Stealth
 - Level 2.0 Spellcasting
 + Level 1.3 Conjurations
 - Level 0.7 Transmutations
 + Level 0.5 Ice Magic
 + Level 4.5 Earth Magic


You couldn't memorise any spells.
You knew the following spells:

 Your Spells              Type           Power      Damage    Failure   Level
a - Sandblast             Erth           34%        2d9       3%          1
b - Stone Arrow           Conj/Erth      22%        3d8       17%         3
c - Ozocubu's Armour      Ice            3%         N/A       43%         3

Your spell library contained the following spells:

 Spells                   Type           Power      Damage    Failure   Level
 Passwall                 Tmut/Erth      8%         N/A       10%         2
 Momentum Strike          Conj/Tloc      8%         3d8       22%         2
 Blink                    Tloc           2%         N/A       28%         2
 Lesser Beckoning         Tloc           2%         N/A       28%         2
 Petrify                  Tmut/Erth      10%        N/A       54%         4
 Agony                    Necr           1%         N/A       99%         5
 Metabolic Englaciation   Hex/Ice        1%         N/A       99%         5
 Simulacrum               Ice/Necr       1%         N/A       100%        6
 Borgnjor's Revivificati  Necr           0%         N/A       100%        8


Dungeon Overview and Level Annotations

Branches:
Dungeon (3/15)

Altars:
Fedhas

Shops:
D:3 [


Innate Abilities, Weirdness & Mutations

You are immune to sickness and miasma.
Your stone body is resilient. (AC +3)
You are immune to poison.
You resist negative energy. (rN+)
You are resistant to electric shocks. (rElec)
You are resistant to unholy torment.
You are immune to petrification.


Message History

Aiming: Sandblast (safe; 3% risk of failure)
Press: ? - help, Shift-Dir - straight line, f/p - gnoll
Aim: a gnoll, wielding a +0 spear (severely wounded, 84% to hit)
The blast of sand misses the gnoll.
The orc shouts!
You hear a shout!
An orc comes into view. It is wielding a +0 hand axe.
The gnoll hits you but does no damage.
Casting: Sandblast (safe; 3% risk of failure)
Confirm with . or Enter, or press ? or * to list all spells.
Aiming: Sandblast (safe; 3% risk of failure)
Press: ? - help, Shift-Dir - straight line, f/p - gnoll
Aim: a gnoll, wielding a +0 spear (severely wounded, 84% to hit)
The blast of sand hits the gnoll.
The gnoll is severely wounded.
The gnoll hits you but does no damage. Magic courses through your body.
The gnoll barely misses you.
Casting: Sandblast (safe; 3% risk of failure)
Confirm with . or Enter, or press ? or * to list all spells.
Aiming: Sandblast (safe; 3% risk of failure)
Press: ? - help, Shift-Dir - straight line, f/p - gnoll
Aim: a gnoll, wielding a +0 spear (severely wounded, 84% to hit)
The blast of sand hits the gnoll.
The gnoll is almost dead.
The gnoll hits you from afar with a +0 spear.
* * * LOW HITPOINT WARNING * * *
The gnoll misses you.
The orc priest looks braver for a moment.
The gnoll hits you but does no damage. The gnoll closely misses you.
Unknown command.
You hit the gnoll but do no damage.
The gnoll is almost dead.
The orc priest looks satisfied for a moment.
The orc barely misses you. The gnoll hits you but does no damage.
An orc comes into view. It is wielding a +0 club.
An orc comes into view. It is wielding a +0 war axe.
The gnoll misses you. The orc attacks as you move away!
The orc hits you with a +0 hand axe.
* * * LOW HITPOINT WARNING * * *
The gnoll hits you with a +0 club.
You die...

....... ####.####)...
.oo.... #....# #)...
....... ###.#### #)...
....o.. ##......## #.g#.
....o.. ##........###(...
..>....###.............†##
#...go##..........#...#.
#?.gg...........#...
###@..........##..##
##..........##.†#
##........###..##
.............).. ......=..
##..## h...... #..# .....
.>.# .... ...#


You could see an orc priest, 2 gnolls, 3 orcs and a hobgoblin.

Vanquished Creatures
  2 gnolls (D:3)
  3 adders
  2 dart slugs
  3 ball pythons
  A bat (D:1)
  6 endoplasms
  7 goblins
  5 hobgoblins
  8 jackals (D:1)
  5 kobolds
  A quokka (D:1)
  2 frilled lizards (D:1)
  4 rats
49 creatures vanquished.

Notes
Turn   | Place    | Note
-------+----------+-------------------------------------------
     0 | D:1      | hikkokomori the Gargoyle Earth Elementalist began the quest
                  | for the Orb.
     0 | D:1      | Reached XP level 1. HP: 10/10 MP: 3/3
    98 | D:1      | Reached XP level 2. HP: 16/16 MP: 1/5
   161 | D:1      | Reached skill level 1 in Fighting
   243 | D:1      | Reached skill level 4 in Earth Magic
   358 | D:1      | Reached XP level 3. HP: 11/20 MP: 0/6
   362 | D:1      | Learned a level 3 spell: Stone Arrow
  1135 | D:2      | Reached skill level 1 in Conjurations
  1135 | D:2      | Reached XP level 4. HP: 21/26 MP: 2/7
  1146 | D:2      | Learned a level 3 spell: Ozocubu's Armour
  1418 | D:3      | Found Iceeph's Antique Armour Shoppe.
  1430 | D:3      | Got the Almanac of Exhumation
  1444 | D:3      | Found a blossoming altar of Fedhas.
  1605 | D:3      | Slain by a gnoll

Illustrated notes

Levels and vault maps discovered:
D:1:      minmay_arrival_jagged, layout_rooms, st_stairs_11,
          minmay_strange_pillars
D:2:      layout_rooms
D:3:      layout_rooms, fedhas_altar_2, serial_shops, nicolae_square_shop

Skill      XL: |  1  2  3 |
---------------+----------+-----
Fighting       | 1 2 |  2.2
Earth Magic    | 4 |  4.5
Stealth        | 3 |  3.4
Conjurations   | 1 |  1.3
Dodging        | |  1.5
Spellcasting   | |  2.0
Transmutations | |  0.7
Ice Magic      | |  0.5

Action                     |  1- 3 |  4- 6 || total
---------------------------+-------+-------++-------
  Melee: Unarmed           |    25 |       ||    25
         Dagger            |    31 |     2 ||    33
  Throw: Throwing net      |       |     1 ||     1
   Cast: Sandblast         |    48 |    24 ||    72
    Use: Potion            |       |     1 ||     1
   Stab: Sleeping          |     1 |       ||     1
 Armour: Robe              |    32 |     8 ||    40
  Dodge: Dodged            |    58 |    14 ||    72

Table legend: (Time is in decaauts)
 A = Elapsed time spent in this place.
 B = Non-inter-level travel time spent in this place.
 C = Inter-level travel time spent in this place.
 D = Time resting spent in this place.
 E = Time spent auto-exploring this place.
 F = Levels seen in this place.
 G = Mean time per level.
                   A        B        C        D        E       F      G
               +--------+--------+--------+--------+--------+-----+--------+
         Total |   1639 |   1595 |     44 |      0 |   1223 |   3 |  546.3 |
       Dungeon |   1639 |   1595 |     44 |      0 |   1223 |   3 |  546.3 |
               +--------+--------+--------+--------+--------+-----+--------+

Top non-repeatable levels by time:
     D:1: 872 daAuts
     D:2: 569 daAuts
     D:3: 197 daAuts
